 Dungeon Crawl Stone Soup version 0.20-a0-433-g9e36e56 (webtiles) character file.

4634 Kriby the Fighter (level 10, 0/83 HPs)
             Began as a Mummy Fighter on Jan 4, 2017.
             Was a Follower of Ashenzari.
             Incinerated by daggaz's ghost (7 damage)
             ... with a sticky flame
             ... on level 8 of the Dungeon.
             The game lasted 00:18:06 (13243 turns).

Kriby the Fighter (Mummy Fighter)                  Turns: 13243, Time: 00:18:07

Health: 0/83       AC: 13    Str: 19    XL:     10   Next: 20%
Magic:  10/10      EV:  3    Int: 12    God:    Ashenzari [*.....]
Gold:   441        SH: 10    Dex: 15    Spells: 9/9 levels left

rFire  x . .     SeeInvis .     a - +1 trident (curse)
rCold  + . .     Gourm    .     n - +0 plate armour
rNeg   + + +     Faith    .     c - +1 shield (curse)
rPois  ∞         Spirit   .     m - +0 helmet
rElec  .         Reflect  .     (no cloak)
rCorr  .         Harm     .     q - +0 pair of gloves
MR     +....                    (no boots)
Stlth  ..........               (no amulet)
                                f - ring of flight
                                l - +4 ring of intelligence

@: liquid flames, glowing
A: no food or potions, fire vulnerability, cold resistance 1, negative energy
resistance 3, torment resistance, unbreathing
a: Curse Item, Scrying, Renounce Religion, Evoke Flight


You were on level 8 of the Dungeon.
You worshipped Ashenzari.
Ashenzari was aware of your devotion.
You were not hungry.

You visited 2 branches of the dungeon, and saw 10 of its levels.
You also visited: Sewer.

You collected 441 gold pieces.

Inventory:

Hand Weapons
 a - a cursed +1 trident (weapon)
Armour
 c - a cursed +1 shield (worn)
 m - a +0 helmet (worn)
 n - a +0 plate armour (worn)
 q - a +0 pair of gloves (worn)
Jewellery
 f - a ring of flight (right hand)
 l - a +4 ring of intelligence (left hand)
Wands
 g - a wand of disintegration (0/24)
 s - a wand of confusion (24/48)
 u - a wand of acid (0/15)
 w - a wand of confusion (8/48)
 x - a wand of flame (25/48)
 y - a wand of digging (8/24)
 A - a wand of iceblast (10/15)
 B - a wand of disintegration (1/24)
 C - a wand of iceblast (5/15)
Scrolls
 b - 2 scrolls of fog {unknown}
 d - 3 scrolls of amnesia
 e - 3 scrolls of remove curse
 h - 3 scrolls of teleportation
 i - 2 scrolls of identify
 k - 2 scrolls of blinking {unknown}
 o - a scroll of noise {unknown}
 p - 2 scrolls of recharging {unknown}
 r - a scroll of magic mapping
 v - a scroll of vulnerability {unknown}
 z - a scroll of enchant armour


   Skills:
 - Level 9.3 Fighting
 + Level 3.0 Polearms
 - Level 8.9 Throwing
 - Level 3.6 Armour
 - Level 3.8 Shields


You had 9 spell levels left.
You didn't know any spells.

Dungeon Overview and Level Annotations

Branches:
Dungeon (9/15)             Temple (1/1) D:5
   Lair: D:8-11         Orc: D:9-12

Altars:
Ashenzari
Cheibriados
Dithmenos
Elyvilon
Fedhas
Gozag
Hepliaklqana
Kikubaaqudgha
Makhleb
Nemelex Xobeh
Okawaru
Qazlal
Ru
Sif Muna
Trog
Uskayaw
Vehumet
Xom
Yredelemnul
Zin
The Shining One

Annotations:
D:9 daggaz's ghost, journeyman OpFE


Innate Abilities, Weirdness & Mutations

You do not eat or drink.
Your flesh is vulnerable to fire.
You are immune to poison.
Your flesh is cold resistant. (rC+)
You are immune to negative energy. (rN+++)
You are immune to unholy pain and torment.
You can survive without breathing.


Message History

You hit daggaz's ghost.
Daggaz's ghost is lightly damaged.
You are covered in liquid flames!
Daggaz's ghost casts a spell at you. The flame tongue hits you!
The fire burns you terribly!
Daggaz's ghost sprays you with burning goo.
The sticky flame hits you! The fire burns you terribly!
You are covered in liquid flames!
You are covered in liquid flames!
* * * LOW HITPOINT WARNING * * *
Daggaz's ghost hits you but does no damage.
You climb upwards.
You are covered in liquid flames!
* * * LOW HITPOINT WARNING * * *
There is a stone staircase leading down here.
You are on fire!
You are covered in liquid flames!
* * * LOW HITPOINT WARNING * * *
You are covered in liquid flames!
You die...

#.###......##.#
#...#...##
#..#...#.#.##.###......##
#.#....#........)......#
#.#....................#
#
##.....########.###....##
###....###
##.###....########
#..#....##
#..........#......
.###.....#
#..##.............
####.....#
#@.##........####.
#..###.# ###..#......####
#. ##.# #.#
#...........## ## #.###{#
#.......)....#######
#...#)#
#...#........(((.((.
###.#.#
#....#......########
#.#.#####....#......# #
#.#.(((........#.#..# #
#.........#..###.#..# #


There were no monsters in sight!

Vanquished Creatures
  An unseen horror (D:8)
  Pikel (D:5)
  A hippogriff (D:9)
  Eustachio (D:6)
  2 hungry ghosts
  A slave (D:5)
  An ice beast (D:8)
  A hornet zombie (D:8)
  2 orc warriors (D:8)
  3 ogres
  2 phantoms (D:7)
  5 centaurs
  A big kobold (Sewer)
  3 bullfrogs
  A scorpion (D:6)
  6 killer bees (D:9)
  4 howler monkeys
  5 crimson imps
  A quasit (D:7)
  A bullfrog zombie (D:5)
  4 hounds
  A jelly (D:8)
  3 orc wizards
  5 orc priests
  Ijyb (D:3)
  Jessica (D:3)
  2 iguanas
  8 worker ants
  A howler monkey zombie (D:5)
  8 adders
  3 river rats
  3 shadow imps
  2 oozes (D:1)
  An adder zombie (D:5)
  3 adder skeletons
  3 worms
  3 dart slugs
  A leopard gecko (D:4)
  34 orcs
  10 bats
  11 giant cockroaches
  10 goblins
  11 hobgoblins
  11 jackals
  11 quokkas
  2 ball pythons
  3 frilled lizards
  12 kobolds
  A quokka skeleton (D:9)
  13 rats
225 creatures vanquished.

Notes
Turn   | Place    | Note
-------+----------+-------------------------------------------
     0 | D:1      | Kriby the Mummy Fighter began the quest for the Orb.
     0 | D:1      | Reached XP level 1. HP: 18/18 MP: 1/1
   406 | D:1      | Reached XP level 2. HP: 25/25 MP: 2/2
   448 | D:1      | Reached skill level 4 in Fighting
   930 | D:2      | Reached XP level 3. HP: 30/30 MP: 3/3
   935 | D:2      | Reached skill level 1 in Throwing
  1386 | D:2      | Found a bloodstained altar of Trog.
  1581 | D:2      | Reached XP level 4. HP: 31/37 MP: 4/4
  2353 | D:3      | Noticed Jessica
  2356 | D:3      | Killed Jessica
  2356 | D:3      | Reached XP level 5. HP: 43/43 MP: 5/5
  2742 | D:3      | Noticed Ijyb
  2787 | D:3      | HP: 2/43 [orc (2)]
  3830 | D:3      | Killed Ijyb
  3830 | D:3      | Reached skill level 5 in Fighting
  4038 | D:4      | Reached XP level 6. HP: 51/51 MP: 6/6
  5123 | D:5      | Entered Level 5 of the Dungeon
  5221 | D:5      | Found an opulent altar of Gozag.
  5329 | D:5      | Found a deep blue altar of Sif Muna.
  5337 | D:5      | Found a staircase to the Ecumenical Temple.
  5364 | Temple   | Entered the Ecumenical Temple
  5485 | D:5      | Reached XP level 7. HP: 57/57 MP: 7/7
  5545 | D:5      | Noticed Pikel
  5571 | D:5      | Killed Pikel
  5571 | D:5      | Reached skill level 6 in Fighting
  5571 | D:5      | Reached skill level 5 in Throwing
  5757 | D:5      | Reached XP level 8. HP: 55/65 MP: 8/8
  5985 | D:6      | Found a shattered altar of Ashenzari.
  5993 | D:6      | Became a worshipper of Ashenzari the Shackled
  6043 | D:6      | Found a glowing drain.
  6095 | Sewer    | Entered a sewer
  6255 | Sewer    | Found a white marble altar of Elyvilon.
  6653 | D:6      | Reached skill level 7 in Fighting
  6971 | D:6      | Noticed Eustachio
  6993 | D:6      | Killed Eustachio
  7316 | D:7      | Reached * piety under Ashenzari
  7929 | D:7      | Reached XP level 9. HP: 69/73 MP: 9/9
  8512 | D:7      | Reached skill level 8 in Fighting
 10581 | D:8      | Killed an unseen horror
 10726 | D:8      | Reached skill level 9 in Fighting
 11347 | D:8      | Reached XP level 10. HP: 83/83 MP: 10/10
 11639 | D:8      | Got the cursed ring mail of Classification {rN+}
 11640 | D:8      | Identified the cursed +0 ring mail of Classification {rN+} (You found it on level 8 of the Dungeon)
 12033 | D:9      | Noticed daggaz's ghost (journeyman OpFE)
 12876 | D:9      | HP: 2/83 [hippogriff (4)]
 12891 | D:9      | HP: 3/83 [hippogriff (2)]
 13243 | D:8      | Incinerated by daggaz's ghost

Vault maps used:
D:1:      dpeg_arrival_simpleton_a, minmay_tromino_v4_c
D:2:      lemuel_coloured_pillars_altar
D:3:      minmay_close_crescents, uniq_jessica, uniq_iyjb
D:4:      minmay_crossroads
D:5:      nicolae_gozag_seed_capital, basic_altar, first_bread, uniq_pikel
D:6:      evilmike_ruin_ashenzari, portal_sewer_entry_c,
          kennysheep_generic_room_15, uniq_eustachio
D:8:      grunt_ogre_cave
D:9:      bh_walls_and_bars
Temple:   compressed_dpeg_circular_temple
Sewer:    sewer_kobolds

Skill      XL: |  1  2  3  4  5  6  7  8  9 10 |
---------------+-------------------------------+-----
Fighting       | 4 5 6 7 9 |  9.3
Throwing       | 1 2 3 4 6 7 8 |  8.9
Polearms       | 2 3 |  3.0
Armour         | 3 |  3.6
Shields        | 3 |  3.8

Action                   |  1- 3 |  4- 6 |  7- 9 | 10-12 || total
-------------------------+-------+-------+-------+-------++-------
Melee: Trident           |   116 |   294 |   526 |    69 ||  1005
Throw: Tomahawk          |    42 |   104 |    42 |    13 ||   201
       Javelin           |       |       |    47 |    11 ||    58
Invok: Curse Item        |       |       |     2 |       ||     2
Evoke: Wand              |       |       |       |     9 ||     9
  Use: Scroll            |     1 |     6 |     2 |     1 ||    10
Armor: Scale mail        |    62 |    43 |       |       ||   105
       Plate armour      |       |   152 |   462 |    78 ||   692
Dodge: Dodged            |    29 |    43 |    80 |    11 ||   163
Block: Shield            |    57 |   124 |   342 |    75 ||   598
